 Dungeon Crawl Stone Soup version 0.20-a0-1122-gb7cbeb9 (webtiles) character file.

503766 FastMan the Conqueror (level 23, -13/216 HPs)
             Began as a Minotaur Berserker on May 13, 2017.
             Was the Champion of Trog.
             Killed from afar by an orb of fire (21 damage)
             ... with a fireball
             ... on level 5 of the Realm of Zot.
             The game lasted 00:49:47 (43053 turns).

FastMan the Conqueror (Minotaur Berserker)         Turns: 43053, Time: 00:49:48

Health: -13/216    AC: 31    Str: 29    XL:     23   Next: 80%
Magic:  0/19       EV: 22    Int:  4    God:    Trog [******]
Gold:   1788       SH: 27    Dex: 16    Spells: 22/22 levels left

rFire    + + .     SeeInvis .   a - +10 broad axe of the Ship {vamp, rElec}
rCold    . . .     Gourm    .   c - +0 large shield
rNeg     + . .     Faith    .   R - +3 fire dragon scales {Xtahua}
rPois    .         Spirit   +   Q - +2 hat
rElec    +         Reflect  .   W - +2 cloak
rCorr    .         Harm     .   X - +2 pair of gloves {Str+3}
MR       +....                  f - +2 pair of boots {run}
Stlth    ..........             U - amulet of Hunel {Spirit rN+}
Regen    0.0/turn               P - ring of protection from cold
MPRegen  0.2/turn               s - +4 ring of slaying

@: starving, slowed, very slow
A: retaliatory headbutt, horns 2, frail 1, low mp 1, screaming 1, inhibited
regeneration, no potion heal 1
}: 3/15 runes: serpentine, barnacled, silver
a: Berserk, Trog's Hand, Brothers in Arms, Burn Spellbooks, Renounce Religion


You were on level 5 of the Realm of Zot.
You worshipped Trog.
Trog was exalted by your worship.
You were starving.

You visited 8 branches of the dungeon, and saw 46 of its levels.
You also visited: Ice Cave.

You collected 4738 gold pieces.
You spent 2950 gold pieces at shops.

Inventory:

Hand Weapons
 a - the +10 broad axe of the Ship (weapon) {vamp, rElec}
   (Trog gifted it to you on level 2 of the Depths)

   It inflicts no extra harm, but heals its wielder when it wounds a living foe.
   It insulates you from electricity.
 b - a +4 antimagic broad axe
Missiles
 y - a throwing net (quivered)
Armour
 c - a +0 large shield (worn)
 f - a +2 pair of boots of running (worn)
 g - +7 ice dragon scales
 Q - a +2 hat (worn)
 R - +3 fire dragon scales (worn) {Xtahua}
 W - a +2 cloak (worn)
 X - a +2 pair of gloves of strength (worn)
Jewellery
 p - a +4 ring of protection
 s - a +4 ring of slaying (right hand)
 u - the amulet of the Ancient Queens {Inacc rF+ Int+4}
   (You found it on level 2 of the Depths)

   [amulet of inaccuracy]

   It reduces the accuracy of all your attacks.
   It affects your intelligence (+4).
   It protects you from fire.
 x - the ring of Doubts {MR+ Str+3}
   (You found it on level 5 of the Vaults)

   [ring of protection from magic]

   It affects your strength (+3).
   It affects your resistance to hostile enchantments.
 P - a ring of protection from cold (left hand)
 U - the amulet of Hunel (around neck) {Spirit rN+}
   (You bought it in a shop on level 2 of the Orcish Mines)

   [amulet of guardian spirit]

   It causes incoming damage to be split between your health and magic.
   It protects you from negative energy.
Wands
 L - a wand of digging (12/24)
 S - a wand of digging (5/24)
Scrolls
 e - 16 scrolls of remove curse {@r2}
 j - 3 scrolls of magic mapping
 k - 7 scrolls of immolation
 o - 15 scrolls of teleportation {@r3}
 w - 5 scrolls of blinking {@r4}
 E - 9 scrolls of recharging
 G - 3 scrolls of holy word
 I - 8 scrolls of fog
 J - 4 scrolls of fear
 O - 2 scrolls of silence
 Y - a scroll of brand weapon
Potions
 l - 11 potions of curing {@q1}
 m - 3 potions of cancellation
 n - 8 potions of haste {@q3}
 q - 3 potions of lignification
 v - 7 potions of heal wounds {@q2}
 B - 2 potions of ambrosia
 C - 3 potions of brilliance {@q6}
 D - a potion of agility {@q5}
 F - 4 potions of mutation
 H - 3 potions of magic
 K - 5 potions of might {@q4}
 M - 3 potions of invisibility
 N - 4 potions of resistance
Comestibles
 d - 18 meat rations {@e2}
 i - 5 bread rations {@e1}
 r - 12 royal jellies {@e3}
 t - 41 fruits {@e4}


   Skills:
 O Level 27 Fighting
 - Level 19.5 Axes
 + Level 19.5 Armour
 + Level 16.9 Dodging
 * Level 25.3 Shields


You had 22 spell levels left.
You didn't know any spells.

Dungeon Overview and Level Annotations

Branches:
Dungeon (15/15)            Temple (0/1) D:7            Lair (6/6) D:8
 Shoals (4/4) Lair:2        Snake (4/4) Lair:4        Slime (0/5) Lair:5
    Orc (2/2) D:12            Elf (0/3) Orc:2        Vaults (5/5) D:14
  Crypt (0/3) Vaults:3     Depths (5/5) D:15            Zot (5/5) Depths:5

Altars:
Cheibriados
Dithmenos
Gozag
Kikubaaqudgha
Nemelex Xobeh
Qazlal
Trog
Wu Jian
Xom
Zin
The Shining One
Beogh

Shops:
D:4 :   D:7 [   D:9 **   Orc:2 =:[   Depths:3 }

Portals:
Hell: Depths:1 Depths:2 Depths:3 Depths:4 Depths:5
Abyss: Depths:1 Depths:4
Pandemonium: Depths:3
Ziggurat: Depths:2
Trove: Vaults:1 (give 2 scrolls of acquirement)

Annotations:
Lair:4 exclusion: oklob plant


Innate Abilities, Weirdness & Mutations

You reflexively headbutt those who attack you in melee.
You have a pair of horns on your head.
You are frail. (-10% HP)
Your magical capacity is low. (-10% MP)
You occasionally shout uncontrollably at your foes.
You do not regenerate when monsters are visible.
Potions are less effective at restoring your health.


Message History

The fireball engulfs the orb of fire.
The orb of fire completely resists.
The orb of fire glows bright magenta.
The bolt of fire hits you! You resist.
* * * LOW HITPOINT WARNING * * *
You hear a distant "Zot"!
The orb of fire glows deep purple.
The bolt of fire hits you! You resist.
* * * LOW HITPOINT WARNING * * *
The Killer Klown blinks!
As you read the scroll of summoning, it crumbles to dust.
Wisps of shadow whirl around you...
The orb of fire glows bright magenta.
The fireball explodes!
The fireball engulfs you! You resist.
* * * LOW HITPOINT WARNING * * *
The fireball engulfs the orb of fire.
The orb of fire completely resists.
The fireball engulfs the orb of fire.
The orb of fire completely resists.
The fireball engulfs your storm dragon.
The orb of fire emits a lurid red light.
The fireball explodes!
The fireball engulfs you! You resist.
You die...

*,,,,,...............# ##.....
*,,,,................# #.....
*,,,,................# ##.....
*,,,,................# #......
*,,,,...........p....# ##......
*,,,,................###.......
**,,,......^..z.....###...#####
**,,......^d*§....##)...##
**,.......p*@D....)).###
**.....##▓▓▓▓#▓▓▓▓▓▓#
**,....,,,,,,,,,,****
**,,..,,,,,,,,,,,,,,,***
**,,,,,,,,,,,,,,,,,,,,,,**
*,,,,,,,,,,,,,,,,,,,,,,,,* ****
*,,,,,,,,,,,,,,,,,,,,,,,,***,,,
**,,,,,,,,,,,,,,,,,,,,,,,**,,,,
**,,,,,,,,,,,,,,,,,,,,,,*,,,,,


You could see 2 orbs of fire, 2 Killer Klowns, a purple draconian, a friendly
storm dragon and a friendly curse toe.

Vanquished Creatures
  An orb of fire (Zot:5)
  An ancient lich (Zot:5)
  Sojobo (Depths:3)
  Boris (Vaults:2)
  Margery (Depths:5)
  Xtahua (Vaults:2)
  A Killer Klown (Zot:5)
  Vashnia (Snake:3)
  A caustic shrike (Depths:2)
  2 golden dragons
  Jory (Vaults:2)
  A bone dragon (Depths:5)
  Jorgrun (Shoals:3)
  An electric golem (Zot:4)
  The ghost of Jojapa the Executioner, an adept MiBe of Trog (Vaults:1)
  6 tentacled monstrosities
  9 Orb Guardians (Zot:5)
  Asterion (Snake:1)
  2 liches
  A titan (Vaults:5)
  Polyphemus (Shoals:2)
  4 sphinxes
  2 death cobs
  4 storm dragons
  4 tengu reavers
  5 shadow dragons
  3 draconian monks
  4 fire giants
  Ilsuiw (Shoals:4)
  7 draconian knights
  8 vault wardens
  An orc warlord (D:11)
  7 nagarajas
  Aizul (Depths:3)
  3 draconian shifters
  An iron dragon (Vaults:5)
  2 ghost moths
  5 frost giants
  The ghost of TwoGrow the Cleaver, a journeyman DsAr of Nemelex Xobeh (Snake:2)
  A draconian stormcaller (Zot:5)
  Louise (Shoals:2)
  A curse skull (Vaults:3)
  A caustic shrike zombie (Depths:4)
  18 stone giants
  A draconian annihilator (Depths:5)
  10 ironheart preservers
  18 very ugly things
  2 entropy weavers
  5 vampire knights (Depths:1)
  4 green draconians
  7 black draconians
  6 red draconians
  A purple draconian (Zot:5)
  4 merfolk javelineers
  5 white draconians
  6 yellow draconians
  The ghost of Ac the Grappler, a journeyman NaTm of Sif Muna (IceCv)
  4 spark wasps
  5 ettins
  A green death (Depths:3)
  5 fire dragons
  A deep elf high priest (Depths:5)
  Erolcha (Orc:2)
  5 merfolk impalers
  Josephine (Snake:1)
  10 ice dragons
  20 ogre magi
  8 great orbs of eyes
  4 rakshasas
  16 vault guards
  9 yaktaur captains
  Harold (Lair:4)
  2 merfolk avatars
  18 naga warriors
  3 catoblepae
  5 hydras
  4 spriggan air magi
  12 centaur warriors
  2 alligator snapping turtles
  48 two-headed ogres
  3 merfolk aquamancers (Shoals:4)
  Erica (D:11)
  7 anacondas
  2 death knights
  A satyr (Shoals:4)
  7 death yaks
  9 deep troll shamans
  A tengu warrior (D:14)
  11 deep troll earth magi
  3 spriggan berserkers
  2 vampire magi (Depths:2)
  A titan zombie (Depths:4)
  8 naga sharpshooters
  4 shock serpents
  6 hell knights (Depths:5)
  Nergalle (Lair:4)
  2 spriggans (Depths:1)
  3 deep elf knights
  A soul eater (Depths:1)
  A spark wasp zombie (Depths:1)
  4 iron trolls
  A fire crab (Lair:6)
  A storm dragon skeleton (Vaults:4)
  A sixfirhy (Depths:3)
  A fire crab (shapeshifter) (Depths:2)
  3 shadow wraiths
  4 salamander mystics
  13 skeletal warriors
  3 naga ritualists
  3 wizards
  11 sea snakes
  2 unseen horrors
  A swamp dragon (shapeshifter) (Vaults:3)
  4 glowing orange brains
  13 ironbrand convokers
  44 deep trolls
  3 harpies (Vaults:2)
  2 phantasmal warriors
  13 necromancers
  A lindwurm (Lair:6)
  5 deep elf archers
  A harpy (shapeshifter) (D:13)
  4 mana vipers
  12 orc knights
  41 ugly things
  12 deep elf magi
  5 wolf spiders
  A stone giant zombie (Depths:1)
  A tengu skeleton (Vaults:4)
  9 manticores
  6 salamanders
  An iron dragon zombie (Depths:4)
  3 orc sorcerers (Vaults:1)
  2 sphinx skeletons (Depths:4)
  2 fauns (Shoals:2)
  A frost giant zombie (Vaults:4)
  7 cyclopes
  A mana viper (shapeshifter) (Depths:2)
  5 moths of wrath
  A wolf spider zombie (D:15)
  5 elephants
  A human skeleton (Vaults:4)
  A frost giant skeleton (Depths:1)
  34 black mambas
  15 merfolk sirens
  An elephant (shapeshifter) (Vaults:4)
  An ice statue (IceCv)
  An elf zombie (Depths:4)
  A stone giant skeleton (Depths:1)
  2 guardian serpents (Snake:3)
  A torpor snail (Lair:5)
  2 rust devils
  10 vault sentinels
  7 water nymphs
  4 centaur skeletons
  12 spiny frogs
  19 naga magi
  2 gargoyles
  51 yaktaurs
  A spiny frog (shapeshifter) (Depths:3)
  2 rime drakes
  A rime drake (shapeshifter) (Vaults:3)
  13 freezing wraiths
  A yaktaur (shapeshifter) (Depths:1)
  11 komodo dragons
  2 polar bears (Lair:6)
  A harpy zombie (D:15)
  15 merfolk
  2 tengu conjurers
  6 hornets
  11 trolls
  5 blink frogs (Lair:4)
  The ghost of knot the Sneak, an amateur DsAs of Okawaru (D:4)
  A tengu simulacrum (Depths:4)
  10 snapping turtles
  3 wind drakes
  A deep troll zombie (Depths:1)
  A snapping turtle (shapeshifter) (Vaults:3)
  18 slime creatures
  A dream sheep (shapeshifter) (Vaults:5)
  10 hippogriffs
  7 dream sheep
  A hippogriff (shapeshifter) (Depths:5)
  4 redbacks (Vaults:3)
  19 water elementals
  6 wraiths
  2 tarantellas (Vaults:4)
  Sigmund (D:4)
  39 yaks
  A shadow (Vaults:3)
  5 air elementals
  2 vampires
  2 basilisks
  A redback (shapeshifter) (Vaults:5)
  19 humans (D:14)
  2 wyverns
  A chaos spawn (Depths:3)
  3 hungry ghosts
  A steam dragon (D:15)
  An elf skeleton (Vaults:4)
  7 wargs
  38 nagas
  7 water moccasins
  An acid dragon (D:15)
  A soldier ant (D:12)
  9 porcupines
  A soldier ant (shapeshifter) (Vaults:2)
  46 orc warriors
  A meliai simulacrum (D:15)
  15 ice beasts
  A black bear (D:8)
  48 ogres
  2 phantoms (D:11)
  7 boggarts
  28 centaurs
  21 wolves
  12 crocodiles
  18 bullfrogs
  A glowing shapeshifter simulacrum (Depths:4)
  A hornet simulacrum (D:15)
  6 scorpions
  6 killer bees (D:10)
  9 wights
  4 howler monkeys
  An electric eel (D:7)
  8 crimson imps
  A human simulacrum (Vaults:2)
  2 centaur zombies
  2 draconian simulacra (IceCv)
  A quasit (D:7)
  7 hounds
  6 jellies
  12 orc priests
  A bullfrog skeleton (D:13)
  14 orc wizards
  5 iguanas
  16 worker ants
  3 spriggan simulacra (IceCv)
  A killer bee zombie (D:8)
  4 polar bear simulacra (IceCv)
  5 troll simulacra (IceCv)
  4 centaur simulacra (IceCv)
  A hound zombie (D:7)
  A hound skeleton (D:7)
  A worker ant zombie (D:9)
  3 gnolls (D:6)
  11 adders
  3 naga simulacra (IceCv)
  3 ogre simulacra (IceCv)
  6 shadow imps
  12 white imps (IceCv)
  6 oozes
  5 adder skeletons
  4 worms
  3 dart slugs
  6 leopard geckos
  73 orcs
  3 ball pythons
  7 bats
  A bat zombie (D:9)
  7 giant cockroaches
  8 goblins
  4 hobgoblins
  6 jackals
  9 kobolds
  A quokka (D:11)
  2 frilled lizards
  A leopard gecko skeleton (D:9)
  6 rats
  4 bushes
  5 fungi
  6 plants
1693 creatures vanquished.

Vanquished Creatures (collateral kills)
  2 titans (Vaults:5)
  A sphinx (Vaults:5)
  A nagaraja (Snake:4)
  A storm dragon (Vaults:5)
  An iron dragon (Vaults:5)
  A deep elf demonologist (Vaults:5)
  A vampire knight (Vaults:3)
  Nessos (D:13)
  2 vault guards (Vaults:5)
  A naga warrior (Snake:4)
  A catoblepas (Lair:3)
  A merfolk avatar (Shoals:3)
  A skeletal warrior (D:13)
  A naga ritualist (Snake:4)
  2 phantasmal warriors
  A faun (Shoals:2)
  A black mamba (Lair:3)
  7 naga magi (Snake:4)
  A yaktaur (Vaults:5)
  A hornet (Vaults:5)
  2 merfolk (Shoals:2)
  A naga (Snake:4)
32 creatures vanquished.

Vanquished Creatures (others)
  A naga warrior (Snake:4)
  A hydra (Lair:5)
  A necromancer (IceCv)
  An iron dragon zombie (Depths:4)
  An orc warrior (Vaults:2)
  An ogre (Vaults:5)
  An orc (Vaults:1)
  5 bushes (Shoals:2)
  2 fungi
14 creatures vanquished.

Grand Total: 1739 creatures vanquished

Notes
Turn   | Place    | Note
-------+----------+-------------------------------------------
     0 | D:1      | FastMan the Minotaur Berserker began the quest for the Orb.
     0 | D:1      | Reached XP level 1. HP: 19/19 MP: 0/0
   280 | D:1      | Reached XP level 2. HP: 25/27 MP: 1/1
   327 | D:1      | Reached skill level 4 in Fighting
   715 | D:1      | Reached XP level 3. HP: 29/33 MP: 2/2
  1033 | D:1      | Reached ** piety under Trog
  1267 | D:2      | Reached skill level 5 in Axes
  1350 | D:2      | Reached XP level 4. HP: 41/41 MP: 3/3
  1570 | D:2      | Found a faded altar of an unknown god.
  1909 | D:3      | Reached skill level 5 in Fighting
  1911 | D:3      | Found a shadowy altar of Dithmenos.
  2122 | D:3      | Reached XP level 5. HP: 48/48 MP: 4/4
  2320 | D:3      | Found a stormy altar of Qazlal.
  2541 | D:4      | Found Xohekunn's Book Boutique.
  2579 | D:4      | Noticed knot's ghost (amateur DsAs)
  2596 | D:4      | Killed knot's ghost
  2596 | D:4      | Reached skill level 6 in Fighting
  2596 | D:4      | Reached XP level 6. HP: 57/57 MP: 5/5
  2710 | D:4      | Noticed Sigmund
  2723 | D:4      | Killed Sigmund
  2723 | D:4      | Reached XP level 7. HP: 64/64 MP: 6/6
  3404 | D:4      | Reached *** piety under Trog
  3548 | D:5      | Entered Level 5 of the Dungeon
  3659 | D:5      | Reached skill level 7 in Fighting
  3958 | D:5      | Reached XP level 8. HP: 55/73 MP: 7/7
  3978 | D:5      | Reached skill level 10 in Axes
  4049 | D:5      | Found a glowing golden altar of the Shining One.
  4136 | D:5      | Found a glowing silver altar of Zin.
  4687 | D:6      | Reached skill level 8 in Fighting
  5224 | D:7      | Found Enuet's Armour Emporium.
  5252 | D:7      | Bought a +1 pair of gloves of dexterity for 214 gold pieces
  5334 | D:7      | Found a staircase to the Ecumenical Temple.
  5414 | D:7      | Reached XP level 9. HP: 65/82 MP: 8/8
  5455 | D:7      | Found a snail-covered altar of Cheibriados.
  5546 | D:7      | Reached **** piety under Trog
  5549 | D:7      | Reached skill level 9 in Fighting
  5596 | D:7      | Found an opulent altar of Gozag.
  5639 | D:7      | Found a stormy altar of Qazlal.
  5788 | D:7      | Found an ornate altar of the Wu Jian Council.
  6022 | D:8      | Reached skill level 10 in Fighting
  6361 | D:8      | Found a staircase to the Lair.
  6418 | D:8      | Found a snail-covered altar of Cheibriados.
  6519 | D:9      | Found Lofidghet's General Store.
  6528 | D:9      | Bought a potion of curing for 30 gold pieces
  6701 | D:9      | Found Sianwimn's Assorted Antiques.
  6711 | D:9      | Bought a scroll labeled ZASAEP EDOSO for 26 gold pieces
  6711 | D:9      | Bought a fizzy black potion for 23 gold pieces
  6714 | D:9      | Bought a scroll of identify for 52 gold pieces
  6714 | D:9      | Bought a scroll of identify for 52 gold pieces
  6931 | D:9      | Reached XP level 10. HP: 93/93 MP: 9/9
  6994 | D:9      | Found a sparkling altar of Nemelex Xobeh.
  7118 | D:9      | Noticed a two-headed ogre
  7124 | D:9      | Killed a two-headed ogre
  7317 | D:9      | Found an ancient bone altar of Kikubaaqudgha.
  7410 | D:10     | Entered Level 10 of the Dungeon
  7692 | D:10     | Killed an unseen horror
  7692 | D:10     | Reached skill level 11 in Fighting
  7692 | D:10     | Reached skill level 15 in Axes
  8109 | D:10     | Noticed a gargoyle
  8116 | D:10     | Killed a gargoyle
  8618 | D:10     | Noticed a necromancer
  8625 | D:10     | Killed a necromancer
  8853 | D:10     | Reached XP level 11. HP: 83/104 MP: 10/10
  8946 | Lair:1   | Entered Level 1 of the Lair of Beasts
  8981 | Lair:1   | Reached ***** piety under Trog
  9034 | Lair:1   | Reached skill level 12 in Fighting
  9926 | Lair:2   | Found a labyrinth entrance.
 10101 | Lair:2   | Found a staircase to the Shoals.
 10235 | Lair:2   | Reached skill level 13 in Fighting
 10525 | Lair:2   | Received a gift from Trog
 11047 | Lair:3   | Reached XP level 12. HP: 93/115 MP: 11/11
 11171 | Lair:3   | Found a dark tunnel.
 11512 | Lair:3   | Noticed a catoblepas
 11520 | Lair:3   | Noticed a four-headed hydra
 11527 | Lair:3   | Killed a catoblepas
 11538 | Lair:3   | Killed an eight-headed hydra
 11723 | Lair:4   | Noticed Nergalle
 11732 | Lair:4   | Killed Nergalle
 11884 | Lair:4   | Noticed a five-headed hydra
 11890 | Lair:4   | Killed an eight-headed hydra
 11944 | Lair:4   | Found a staircase to the Snake Pit.
 12091 | Lair:4   | Found a frozen archway.
 12115 | Lair:4   | Reached skill level 5 in Armour
 12182 | IceCv    | Entered an ice cave
 12182 | IceCv    | Noticed Ac's ghost (journeyman NaTm)
 12189 | IceCv    | Killed Ac's ghost
 12263 | IceCv    | Reached skill level 5 in Dodging
 12317 | IceCv    | Reached skill level 14 in Fighting
 12712 | IceCv    | Found an ancient bone altar of Kikubaaqudgha.
 13261 | IceCv    | Reached XP level 13. HP: 124/124 MP: 12/12
 13293 | IceCv    | Identified the Handbook of Cold
 13426 | Lair:4   | Received a gift from Trog
 13472 | Lair:4   | Noticed Harold
 13487 | Lair:4   | Killed Harold
 13695 | Lair:4   | Reached skill level 1 in Shields
 14185 | Lair:5   | Found a staircase to the Slime Pits.
 14725 | Lair:6   | Entered Level 6 of the Lair of Beasts
 14899 | Lair:6   | Reached skill level 5 in Shields
 15233 | Lair:6   | Reached skill level 15 in Fighting
 15484 | Lair:6   | Received a gift from Trog
 15583 | Lair:6   | Reached XP level 14. HP: 129/135 MP: 13/13
 16031 | D:11     | Noticed Erica
 16037 | D:11     | Killed Erica
 16529 | D:11     | Noticed an orc warlord
 16529 | D:11     | Noticed a sphinx
 16543 | D:11     | Killed an orc warlord
 16546 | D:11     | Killed a sphinx
 16546 | D:11     | Reached skill level 10 in Shields
 16713 | D:11     | Identified a +2 pair of boots of running (You found it on level 6 of the Lair of Beasts)
 16927 | D:12     | Reached skill level 10 in Armour
 17153 | D:12     | Found a staircase to the Orcish Mines.
 17288 | D:12     | Received a gift from Trog
 17562 | D:13     | Noticed Nessos
 17571 | D:13     | Killed Nessos
 17785 | D:13     | Found a sparkling altar of Nemelex Xobeh.
 18429 | D:14     | You fall through a shaft!
 18429 | D:15     | Entered Level 15 of the Dungeon
 18433 | D:15     | Reached skill level 16 in Fighting
 18528 | D:14     | Found a gate to the Vaults.
 19044 | D:15     | Reached XP level 15. HP: 145/145 MP: 14/14
 19099 | D:15     | Received a gift from Trog
 19179 | D:15     | Found a staircase to the Depths.
 19747 | Snake:1  | Entered Level 1 of the Snake Pit
 20092 | Snake:1  | Noticed Asterion
 20114 | Snake:1  | Killed Asterion
 20512 | Snake:1  | Noticed Josephine
 20517 | Snake:1  | Killed Josephine
 20708 | Snake:1  | Reached skill level 17 in Fighting
 21918 | Snake:2  | Noticed TwoGrow's ghost (journeyman DsAr)
 21938 | Snake:2  | Killed TwoGrow's ghost
 21938 | Snake:2  | Reached ****** piety under Trog
 22269 | Snake:2  | Noticed a nagaraja
 22287 | Snake:2  | Killed a nagaraja
 22773 | Snake:2  | Noticed a nagaraja
 22778 | Snake:2  | Killed a nagaraja
 23486 | Snake:3  | Reached XP level 16. HP: 157/157 MP: 15/15
 23718 | Snake:3  | Reached skill level 15 in Shields
 23828 | Snake:3  | Noticed Vashnia
 23851 | Snake:3  | Killed Vashnia
 23851 | Snake:3  | Reached skill level 18 in Fighting
 24178 | Snake:3  | Received a gift from Trog
 24845 | Snake:4  | Entered Level 4 of the Snake Pit
 25485 | Snake:4  | Received a gift from Trog
 26480 | Snake:4  | Got a serpentine rune of Zot
 26498 | Snake:4  | Reached XP level 17. HP: 166/166 MP: 16/16
 26695 | Shoals:1 | Entered Level 1 of the Shoals
 26944 | Shoals:1 | Reached skill level 19 in Fighting
 27257 | Shoals:2 | Noticed Polyphemus
 27270 | Shoals:2 | Killed Polyphemus
 27270 | Shoals:2 | Received a gift from Trog
 28022 | Shoals:2 | Noticed Louise
 28062 | Shoals:2 | Killed Louise
 28725 | Shoals:3 | Noticed Jorgrun
 28747 | Shoals:3 | Killed Jorgrun
 29511 | Shoals:4 | Entered Level 4 of the Shoals
 29513 | Shoals:4 | Noticed Ilsuiw
 29517 | Shoals:4 | Reached skill level 10 in Dodging
 29548 | Shoals:4 | Killed Ilsuiw
 29652 | Shoals:4 | Got an ancient scale mail
 29653 | Shoals:4 | Identified the +1 scale mail "Rungoqav" {+Inv rN+ Str-2} (You found it on level 4 of the Shoals)
 29675 | Shoals:4 | Received a gift from Trog
 29685 | Shoals:4 | Reached skill level 20 in Fighting
 29702 | Shoals:4 | Got a barnacled rune of Zot
 30038 | Orc:1    | Entered Level 1 of the Orcish Mines
 30109 | Orc:1    | Found a roughly hewn altar of Beogh.
 30221 | Orc:1    | Found a bloodstained altar of Trog.
 30333 | Orc:2    | Entered Level 2 of the Orcish Mines
 30333 | Orc:2    | Found a staircase to the Elven Halls.
 30610 | Orc:2    | Found Huloirchi's Book Emporium.
 30610 | Orc:2    | Found Cycum's Distillery.
 30612 | Orc:2    | Found Leiri's Jewellery Shop.
 30618 | Orc:2    | Found Vemavuneick's Antique Armour Shoppe.
 30632 | Orc:2    | Bought a manual of Fighting for 1324 gold pieces
 30634 | Orc:2    | Bought a smoking hat for 135 gold pieces
 30644 | Orc:2    | Identified the +0 hat of Beyond {MR+ Int-3 Dex+4 SInv} (You bought it in a shop on level 2 of the Orcish Mines)
 30657 | Orc:2    | Bought a potion of curing for 45 gold pieces
 30657 | Orc:2    | Bought a potion of magic for 120 gold pieces
 30657 | Orc:2    | Bought a potion of haste for 150 gold pieces
 30657 | Orc:2    | Bought a potion of invisibility for 120 gold pieces
 30657 | Orc:2    | Bought a potion of mutation for 120 gold pieces
 30657 | Orc:2    | Bought a potion of curing for 45 gold pieces
 30659 | Orc:2    | Bought the amulet of Hunel {Spirit rN+} for 494 gold pieces
 30715 | Orc:2    | Noticed Erolcha
 30728 | Orc:2    | Killed Erolcha
 30728 | Orc:2    | Reached XP level 18. HP: 173/178 MP: 9/17
 31079 | Vaults:1 | Entered Level 1 of the Vaults
 31187 | Vaults:1 | Received a gift from Trog
 31311 | Vaults:1 | Noticed Jojapa's ghost (adept MiBe)
 31330 | Vaults:1 | Killed Jojapa's ghost
 32184 | Vaults:1 | Found a portal to a secret trove of treasure.
 32219 | Vaults:1 | Paralysed by a great orb of eyes for 3 turns
 32227 | Vaults:1 | Reached skill level 21 in Fighting
 32644 | Vaults:2 | Reached skill level 15 in Armour
 32690 | Vaults:2 | Noticed Boris
 32701 | Vaults:2 | Killed Boris
 32801 | Vaults:2 | Received a gift from Trog
 32873 | Vaults:2 | Reached skill level 22 in Fighting
 33200 | Vaults:2 | Paralysed by a great orb of eyes for 2 turns
 33202 | Vaults:2 | Noticed Jory
 33214 | Vaults:2 | Noticed Xtahua
 33224 | Vaults:2 | Killed Jory
 33224 | Vaults:2 | Received a gift from Trog
 33224 | Vaults:2 | Reached XP level 19. HP: 166/193 MP: 15/18
 33482 | Vaults:2 | Killed Xtahua
 33970 | Vaults:2 | Paralysed by a sphinx for 4 turns
 33981 | Vaults:2 | Reached skill level 23 in Fighting
 34670 | Vaults:3 | Found a staircase to the Crypt.
 35009 | Vaults:3 | Received a gift from Trog
 35177 | Vaults:3 | Identified a scroll of acquirement
 35180 | Vaults:3 | Got a pair of steaming boots
 35200 | Vaults:3 | Identified the +0 pair of boots of the Greedy {Regen+} (You acquired it on level 3 of the Vaults)
 35342 | Vaults:3 | Reached skill level 24 in Fighting
 35694 | Vaults:3 | Got a clouded bronze ring
 35695 | Vaults:3 | Identified the ring of Equivalence {rPois rF- rC+ MR+} (You found it on level 3 of the Vaults)
 36050 | Vaults:4 | Reached XP level 20. HP: 206/206 MP: 19/19
 36164 | Vaults:4 | Received a gift from Trog
 36412 | Vaults:4 | Received a gift from Trog
 36811 | Vaults:5 | Entered Level 5 of the Vaults
 36867 | Vaults:5 | Received a gift from Trog
 36913 | Vaults:5 | Got a silver rune of Zot
 36915 | Vaults:5 | Got an ancient granite ring
 37201 | Depths:1 | Entered Level 1 of the Depths
 37269 | Depths:1 | Found a shimmering altar of Xom.
 37389 | Depths:1 | Found a one-way gate to the infinite horrors of the Abyss.
 37567 | Depths:1 | Found a gateway to Hell.
 37666 | Depths:1 | Received a gift from Trog
 37728 | Depths:1 | Reached skill level 25 in Fighting
 37807 | Depths:1 | Reached XP level 21. HP: 217/217 MP: 14/20
 38538 | Depths:2 | Identified the ring of Doubts {MR+ Str+3} (You found it on level 5 of the Vaults)
 38664 | Depths:2 | Found a gateway to a ziggurat.
 38807 | Depths:2 | Received a gift from Trog
 38829 | Depths:2 | Got a bloodstained broad axe {god gift}
 38830 | Depths:2 | Identified the +10 broad axe of the Ship {vamp, rElec} (Trog gifted it to you on level 2 of the Depths)
 38848 | Depths:2 | Got a wavering lead amulet
 38850 | Depths:2 | Identified the amulet of the Ancient Queens {Inacc rF+ Int+4} (You found it on level 2 of the Depths)
 39209 | Depths:2 | Got a shimmering bone ring
 39281 | Depths:2 | Noticed a caustic shrike
 39293 | Depths:2 | Killed a caustic shrike
 39522 | Depths:3 | Identified the ring of Meigotev {Ice -Tele +Inv rElec Dex+3} (You took it off a vampire mage on level 2 of the Depths)
 39544 | Depths:3 | Received a gift from Trog
 39666 | Depths:3 | Noticed Sojobo
 39697 | Depths:3 | Killed Sojobo
 39700 | Depths:3 | Reached skill level 26 in Fighting
 39749 | Depths:3 | Noticed Aizul
 39764 | Depths:3 | Killed Aizul
 39804 | Depths:3 | Reached XP level 22. HP: 184/228 MP: 21/21
 39846 | Depths:3 | Found a one-way gate leading to the halls of Pandemonium.
 39854 | Depths:3 | Reached skill level 15 in Dodging
 39947 | Depths:3 | Noticed a golden dragon
 39953 | Depths:3 | Killed a golden dragon
 40181 | Depths:3 | Found Ninneur's Gadget Shop.
 40455 | Depths:4 | Identified the +9 broad axe of Blood-Lust {pain, Str+10} (You found it on level 4 of the Depths)
 40714 | Depths:4 | Received a gift from Trog
 41090 | Depths:5 | Entered Level 5 of the Depths
 41156 | Depths:5 | Noticed Margery
 41183 | Depths:5 | Killed Margery
 41445 | Depths:5 | Noticed a golden dragon
 41456 | Depths:5 | Killed a golden dragon
 41476 | Depths:5 | Found a gate to the Realm of Zot.
 41955 | Zot:1    | Entered Level 1 of the Realm of Zot
 42027 | Zot:1    | Received a gift from Trog
 42102 | Zot:1    | Reached skill level 27 in Fighting
 42102 | Zot:1    | Reached XP level 23. HP: 225/240 MP: 22/22
 42654 | Zot:5    | Entered Level 5 of the Realm of Zot
 42965 | Zot:5    | Noticed a Killer Klown
 42968 | Zot:5    | Noticed an ancient lich
 42978 | Zot:5    | Killed an ancient lich
 42978 | Zot:5    | Received a gift from Trog
 43014 | Zot:5    | Killed a Killer Klown
 43016 | Zot:5    | Noticed a Killer Klown
 43022 | Zot:5    | Noticed an orb of fire
 43030 | Zot:5    | Noticed a Killer Klown
 43036 | Zot:5    | Noticed an orb of fire
 43040 | Zot:5    | Gained mutation: You occasionally shout uncontrollably at your foes. [an orb of fire]
 43041 | Zot:5    | Noticed an orb of fire
 43043 | Zot:5    | Gained mutation: Your magical capacity is low. (-10% MP) [an orb of fire]
 43045 | Zot:5    | Gained mutation: You are frail. (-10% HP) [an orb of fire]
 43046 | Zot:5    | Gained mutation: You do not regenerate when monsters are visible. [an orb of fire]
 43047 | Zot:5    | Gained mutation: Potions are less effective at restoring your health. [an orb of fire]
 43051 | Zot:5    | Killed an orb of fire
 43053 | Zot:5    | HP: 8/216 [orb of fire/fireball (17)]
 43053 | Zot:5    | Killed from afar by an orb of fire

Vault maps used:
D:1:      minmay_arrival_cross
D:2:      chequers_ecumenical_altar_twisty
D:3:      nicolae_dithmenos_shadow_blocks, first_bread, grunt_qazlal_sundering
D:4:      serial_shops, shop, roderic_serpentine_path,
          kennysheep_generic_room_14, uniq_sigmund
D:5:      nicolae_overflow_crystal_walls, tso_oasis_becter
D:7:      nicolae_overflow_quartered_altars,
          minmay_temple_entry_enclosed_plants, serial_shops, shop,
          dk_vineyard_2, serial_bayou_ford_a
D:8:      grunt_lair_entry_orc_guard_hut, basic_altar, serial_corexii_hall,
          corexii_hall_statues_x, corexii_hall_statues_l
D:9:      kennysheep_little_box, lemuel_zombie_altar_kikubaaqudgha,
          serial_shops, nicolae_shop_trees, shop
D:10:     minmay_librarian
D:11:     minmay_sliced_demisemicircle, uniq_erica
D:12:     david_orc_2
D:13:     basic_altar, uniq_nessos
D:14:     grunt_vaults_entry_tiered
D:15:     grunt_enter_depths_magical_seal
Lair:1:   grunt_megastairs_2
Lair:2:   elwin_shoals_entry_stream, lab_entry_generic, minivault_24
Lair:3:   lightli_volcano_entry_magma_tube, small_statue_intersection,
          hangedman_lair_generics_rect
Lair:4:   guppyfry_snake_entry_garden, portal_ice_cave_entry_ice_beasts,
          serial_bayou_shore_b, minmay_lair_oklob_chamber,
          infiniplex_staircase_pool, uniq_nergalle, uniq_harold
Lair:5:   nicolae_slime_entry_slimehenge, minivault_23
Lair:6:   grunt_lair_end_beastmaster
Shoals:1: yaktaur_hedge
Shoals:2: argonaut_golden_fleece, uniq_jorgrun, uniq_polyphemus, uniq_louise
Shoals:4: shoals_end_grunt_ice, shoals_ilsuiw_alternative
Snake:1:  corexii_hall_statues_l, grunt_megastairs_3, uniq_josephine,
          uniq_asterion
Snake:3:  serial_bayou_shore_b, uniq_vashnia
Snake:4:  snake_pit
Orc:1:    basic_altar, trog_book
Orc:2:    st_orc_rangers, uniq_erolcha
Vaults:1: nicolae_vaults_specimen_jars, nicolae_vaults_ninety_degrees,
          vaults_room_octagon, vaults_mumra_minichess, nicolae_vaults_little_ls,
          hangedman_vaults_capsules, grunt_vaults_focal, v_misc_3,
          vaults_dpeg_hooks, nicolae_vaults_yaktaur_gun_rack, enter_trove_6
Vaults:2: nicolae_vaults_asterisk, v_misc_22, v_misc_22,
          nicolae_vaults_rhombus_6, ontoclasm_vaults_eye, vaults_room_hallway,
          grunt_vaults_funnel, ontoclasm_vaults_chip,
          grunt_vaults_hallway_short, hangedman_vaults_stitches, v_misc_11,
          vaults_room_hallway, vaults_room_door_hall, vaults_room_door_ring,
          uniq_boris, uniq_xtahua, uniq_jory
Vaults:3: hangedman_vaults_stagger, minmay_crypt_entry_simple_sparse,
          nicolae_vaults_what_the_h, nicolae_vaults_border_crossing
Vaults:4: v_rooms_2, nicolae_vaults_sealed_display, v_pattern_1,
          hangedman_vaults_slice, vaults_mumra_chevron_long,
          nicolae_vaults_angled_halls, v_misc_12, nicolae_vaults_alarming,
          vaults_room_stairs_pillars
Vaults:5: serial_shops
Depths:1: kennysheep_boxes, abyss_entry, special_room, hell_entry, tgw_xom
Depths:2: kennysheep_green_arena, enter_ziggurat_e, serial_glass,
          glass_columns_a, glass_columns_c, glass_columns_a, glass_columns_a,
          hangedman_tar_grid_catacomb, infiniplex_staircase_zigzag_5
Depths:3: lemuel_flame_loot_2, hangedman_abyss_or_decor_slice, pf_coc_iceberg,
          serial_shops, shop, rand_demon_pan_entry_5,
          minmay_staircase_windowed_large, uniq_sojobo, uniq_aizul
Depths:4: cheibrodos_quadrivalence, hell_entry, hangedman_abyss_entry_splay,
          basic_stair_grate_trap, serial_bayou_shore_b,
          infiniplex_staircase_squiggle
Depths:5: grunt_x_marks_the_spot, grunt_hell_entry_dis_grunt,
          serial_bayou_shore_a, uniq_frederick, uniq_margery
Zot:1:    hangedman_zot_vaults_quadrants, lemuel_baited_zot_trap
Zot:3:    st_stairs_3, grunt_ministairs_15
Zot:5:    kennysheep_underground_church
IceCv:    ice_cave_small_necro

Skill      XL: |  1  2  3  4  5  6  7  8  9 10 11 12 13 14 15 16 17 18 19 20 21 22 23 |
---------------+----------------------------------------------------------------------+-----
Axes           | 4 5 7 8 9 11 14 16 18 19 | 19.5
Fighting       | 4 5 6 7 8 10 11 13 14 15 16 17 18 20 22 24 25 26 27 | 27.0
Armour         | 6 9 11 12 13 14 15 16 17 18 19 | 19.5
Dodging        | 5 7 9 10 11 12 13 14 15 16 | 16.9
Shields        | 8 12 14 16 17 19 20 21 22 24 25 | 25.3

Action                   |  1- 3 |  4- 6 |  7- 9 | 10-12 | 13-15 | 16-18 | 19-21 | 22-24 || total
-------------------------+-------+-------+-------+-------+-------+-------+-------+-------++-------
Melee: Hand axe          |    71 |    70 |    45 |       |       |       |       |       ||   186
       Headbutt          |    10 |    14 |    47 |   107 |   188 |   293 |   352 |   268 ||  1279
       War axe           |       |       |    46 |       |       |       |       |       ||    46
       Battleaxe         |       |       |   156 |   361 |    27 |       |       |       ||   544
       Broad axe         |       |       |       |       |   740 |  1009 |  1051 |   721 ||  3521
Invok: Berserk           |     2 |     3 |     2 |    14 |     7 |     8 |     7 |     4 ||    47
       Trog's Hand       |       |       |       |     7 |     4 |    16 |    19 |     6 ||    52
       Burn Spellbooks   |       |       |       |     1 |     5 |     2 |     5 |       ||    13
       Brothers in Arms  |       |       |       |     1 |     2 |     7 |     5 |       ||    15
Evoke: Wand              |       |       |       |       |       |     2 |     1 |       ||     3
  Use: Scroll            |       |       |    14 |     6 |    20 |    10 |    22 |    13 ||    85
       Potion            |       |       |       |       |     1 |     4 |     2 |     3 ||    10
 Stab: Petrified         |       |       |       |     5 |       |     6 |       |       ||    11
       Distracted        |       |       |       |       |     2 |     2 |     1 |       ||     5
       Petrifying        |       |       |       |       |       |     1 |       |       ||     1
  Eat: Chunk             |     3 |     6 |    16 |    16 |    43 |    40 |    26 |     7 ||   157
       Bread ration      |       |       |       |     4 |     2 |     2 |     3 |     1 ||    12
       Meat ration       |       |       |       |     1 |       |       |     1 |       ||     2
Armor: Ice dragon scales |    29 |    23 |   104 |   202 |   244 |   288 |   296 |   167 ||  1353
       Animal skin       |     5 |       |       |       |       |       |       |       ||     5
       Skin              |       |       |       |       |       |     3 |       |       ||     3
       Fire dragon scale |       |       |       |       |       |       |       |    18 ||    18
Dodge: Dodged            |    47 |    29 |   123 |   210 |   172 |   266 |   340 |   287 ||  1474
Block: Large shield      |       |       |       |       |   513 |   928 |  1054 |   722 ||  3217
